 Dungeon Crawl Stone Soup version 0.27-a0-1434-g6f15984924 (webtiles) character file.

Game seed: 16526488921710148206

49 avis the Insei (level 3, -5/27 HPs)
             Began as a Merfolk Transmuter on July 4, 2021.
             Succumbed to Terence's poison
             ... on level 2 of the Dungeon.
             The game lasted 00:10:20 (1772 turns).

avis the Insei (Merfolk Transmuter)                 Turns: 1772, Time: 00:10:21

Health: -5/27      AC:  2    Str: 10    XL:     3   Next: 75%
Magic:  3/6        EV: 20    Int: 12    God:
Gold:   25         SH:  0    Dex: 20    Spells: 2/6 levels left

rFire    . . .     SeeInvis .     - Unarmed
rCold    . . .     Faith    .   (shield currently unavailable)
rNeg     . . .     Spirit   .   (armour currently unavailable)
rPois    x         Reflect  .   (helmet currently unavailable)
rElec    .         Harm     .   (cloak currently unavailable)
rCorr    .         Rampage  .   (gloves currently unavailable)
Will     +....                  (boots currently unavailable)
Stlth    ++........             (no amulet)
HPRegen  0.09/turn              f - ring of willpower
MPRegen  0.10/turn              (no ring)

@: lethally poisoned (-5 -> -35), spider-form (expiring)
A: venomous fangs, tiny, (nimble swimmer 2), (mertail), (iridescent scales 1),
wild magic 1
a: End Transformation


You were on level 2 of the Dungeon.
You were a venomous arachnid creature.
You visited 1 branch of the dungeon, and saw 2 of its levels.

You collected 25 gold pieces.

Inventory:

Missiles
 b - 33 bolts
Armour
 a - a +0 robe (melded)
Jewellery
 f - a ring of willpower (left front leg)
Scrolls
 c - a scroll of identify {unknown}
Potions
 d - a potion of mutation
 e - a potion of haste {unknown}
 g - a potion of might {unknown}


   Skills:
 - Level 2.0 Fighting
 - Level 3.0 Dodging
 - Level 1.0 Stealth
 - Level 4.0 Unarmed Combat
 - Level 2.0 Spellcasting
 * Level 3.2 Transmutations
 - Level 1.0 Poison Magic


You had 2 spell levels left.
You knew the following spells:

 Your Spells              Type           Power      Damage    Failure   Level
a - Beastly Appendage     Tmut           22%        N/A       28%         1
p - Spider Form           Tmut/Pois      4%         N/A       65%         3

Your spell library contained the following spells:

 Spells                   Type           Power      Damage    Failure   Level
 Wereblood                Tmut           11%        N/A       34%         2
 Ice Form                 Ice/Tmut       6%         N/A       95%         4


Dungeon Overview and Level Annotations

Branches:
Dungeon (2/15)

Altars:

Shops:
D:1 :

Annotations:
D:2 Terence


Innate Abilities, Weirdness & Mutations

You are a venomous arachnid creature.
You have poisonous fangs.
You are tiny and dextrous.
Your spellcasting is less reliable in this form.
Your armour is entirely melded.
You are incapable of wielding weapons or throwing items.
((You are quick and stealthy near water. (Stealth+, EV+, Speed+++)))
((Your lower body shifts to a powerful aquatic tail in water.))
((You are partially covered in iridescent scales. (AC +2)))
Your spells are a little harder to cast, but a little more powerful.


Message History

You bite the jackal!
You kill the jackal!
Your transformation is almost over.
There is a stone staircase leading down here.
You start resting.
Your transformation has ended.
Your +0 robe unmelds from your body.
You start resting.
Magic restored.
You start resting.
HP restored.
Casting: Spider Form (extremely dangerous; 34% risk of failure)
Confirm with . or Enter, or press ? or * to list all spells.
The spell is extremely dangerous to cast (34% risk of failure)!
Continue anyway?
You turn into a venomous arachnid creature.
Your +0 robe melds into your body.
Your transformation is almost over.
You climb downwards.
Level annotation: Terence Terence hits you from afar with a +1 trident of venom!
Terence closely misses you.
There is a stone staircase leading up here.
Terence barely misses you.
You see here a jackal skeleton.
You bite Terence!
Terence is poisoned.
Terence is moderately wounded.
You barely miss Terence.
Terence is heavily wounded.
Terence hits you with a +1 trident of venom.
You are lethally poisoned!
You barely miss Terence.
Terence is heavily wounded.
* * * LOW HITPOINT WARNING * * *
You feel extremely sick.
Terence hits you with a +1 trident of venom.
* * * LOW HITPOINT WARNING * * *
It was a potion of mutation.
You feel extremely strange.
Iridescent scales grow over part of your body.
You feel less in control of your magic.
You die...

..................<..#
S....................#
........$......K........
......................#.#
...................##....#
...................# ....#
....#.........$...## ...#
### #....@........# ...#
##...s÷.......#
##...<.......#
###.........# #.........#
##.......## ##.....##
#######


You could see Terence (very poisoned) and a kobold.

Vanquished Creatures
  A worm (D:2)
  A ball python (D:1)
  6 bats (D:1)
  5 endoplasms (D:1)
  4 giant cockroaches (D:1)
  4 goblins
  4 hobgoblins (D:1)
  5 jackals
  3 frilled lizards (D:1)
  3 kobolds (D:1)
  5 rats (D:1)
41 creatures vanquished.

Notes
Turn   | Place    | Note
-------+----------+-------------------------------------------
     0 | D:1      | avis the Merfolk Transmuter began the quest for the Orb.
     0 | D:1      | Reached XP level 1. HP: 15/15 MP: 3/3
    92 | D:1      | Reached XP level 2. HP: 20/21 MP: 1/5
    94 | D:1      | Reached skill level 4 in Unarmed Combat
   208 | D:1      | Found Tisaich's Book Emporium.
   578 | D:1      | Reached XP level 3. HP: 25/27 MP: 4/6
   600 | D:1      | Learned a level 3 spell: Spider Form
   947 | D:1      | Found a faded altar of an unknown god.
  1077 | D:1      | Reached skill level 1 in Poison Magic
  1332 | D:2      | Reached skill level 1 in Stealth
  1523 | D:2      | Noticed Terence
  1772 | D:2      | Gained mutation: You are partially covered in iridescent
                  | scales. (AC +2) [potion of mutation]
  1772 | D:2      | Gained mutation: Your spells are a little harder to cast,
                  | but a little more powerful. [potion of mutation]
  1772 | D:2      | Succumbed to Terence's poison

Illustrated notes

Levels and vault maps discovered:
D:1:      lemuel_arrival_cross, layout_basic, serial_shops, shop,
          chequers_ecumenical_altar_lobes, chequers_serial_rivers_small_b,
          minmay_worlds_worst_comb
D:2:      layout_rooms, uniq_crazy_yiuf_cottage, uniq_terence, uniq_jessica

Skill      XL: |  1  2  3 |
---------------+----------+-----
Unarmed Combat | 4 |  4.0
Fighting       | 2 |  2.0
Transmutations | 3 |  3.2
Dodging        | 3 |  3.0
Poison Magic   | 1 |  1.0
Stealth        | 1 |  1.0
Spellcasting   | |  2.0

Action                   || total
-------------------------++-------
Melee: Unarmed           ||   119
       Headbutt          ||    11
 Cast: Beastly Appendage ||    31
       Spider Form       ||     5
  Use: Potion            ||     1
 Stab: Sleeping          ||     2
Armor: Robe              ||    12
Dodge: Dodged            ||    78

Table legend: (Time is in decaauts)
 A = Elapsed time spent in this place.
 B = Non-inter-level travel time spent in this place.
 C = Inter-level travel time spent in this place.
 D = Time resting spent in this place.
 E = Time spent auto-exploring this place.
 F = Levels seen in this place.
 G = Mean time per level.
                   A        B        C        D        E       F      G
               +--------+--------+--------+--------+--------+-----+--------+
         Total |   1760 |   1684 |     76 |    491 |    843 |   2 |  880.0 |
       Dungeon |   1760 |   1684 |     76 |    491 |    843 |   2 |  880.0 |
               +--------+--------+--------+--------+--------+-----+--------+

Top non-repeatable levels by time:
     D:1: 1683 daAuts
     D:2: 77 daAuts
